 Dungeon Crawl Stone Soup version 0.29-a0-477-g62b78b4225 (webtiles) character file.

Game seed: 2806416091228191510

134 hquester the Skirmisher (level 4, -1/36 HPs)
             Began as a Demonspawn Abyssal Knight on May 24, 2022.
             Was a Priest of Lugonu.
             Slain by a jelly (2 damage)
             ... on level 4 of the Dungeon.
             The game lasted 00:07:38 (3471 turns).

hquester the Skirmisher (Demonspawn Abyssal Knight) Turns: 3471, Time: 00:07:39

Health: -1/36      AC:  5    Str: 13    XL:     4   Next: 95%
Magic:  6/6        EV: 11    Int: 14    God:    Lugonu [***...]
Gold:   190        SH:  0    Dex: 13    Spells: 3/3 levels left

rFire   . . .      SeeInvis .   a - +2 short sword
rCold   . . .      Faith    .   (no shield)
rNeg    . . .      Spirit   .   f - +0 ring mail
rPois   .          Reflect  .   (no helmet)
rElec   .          Harm     .   (no cloak)
rCorr   .          Rampage  .   (no gloves)
Will    .....                   k - +1 pair of boots
Stlth   +.........              (no amulet)
HPRegen 0.12/turn               (no ring)
MPRegen 0.10/turn               (no ring)

@: mighty, corroded
A: icy blue scales 1
a: Renounce Religion, Depart the Abyss, Bend Space, Banish


You were on level 4 of the Dungeon.
You worshipped Lugonu.
Lugonu was most pleased with you.
You visited 1 branch of the dungeon, and saw 4 of its levels.
You visited the Abyss 1 time.

You collected 190 gold pieces.

Inventory:

Hand Weapons
 a - a +2 short sword (weapon)
Armour
 f - a +0 ring mail (worn)
 k - a +1 pair of boots (worn)
Wands
 b - a wand of paralysis (2)
Scrolls
 c - a scroll of magic mapping {unknown}
 g - 3 scrolls of identify
 j - a scroll of enchant armour
 n - a scroll of noise
 o - a scroll of teleportation
Potions
 d - a potion of attraction
 e - a potion of brilliance
 h - 2 potions of degeneration
 i - a potion of berserk rage
 m - a potion of flight {unknown}
 p - a potion of heal wounds {unknown}
 q - a potion of lignification {unknown}
 s - a potion of invisibility {unknown}


   Skills:
 + Level 3.6 Fighting
 + Level 2.6 Short Blades
 + Level 2.6 Armour
 + Level 2.0 Dodging
 + Level 3.6 Invocations


You had 3 spell levels left.
You didn't know any spells.
Your spell library was empty.

Dungeon Overview and Level Annotations

Branches:
Dungeon (4/15)
 Temple: D:4-7

Altars:

Shops:
D:2 =


Innate Abilities, Weirdness & Mutations

You are partially covered in icy blue scales. (AC +2)


Message History

The orc is heavily wounded.
The goblin closely misses you. The orc barely misses you.
You hit the orc.
The orc is almost dead.
The goblin hits you but does no damage. The orc closely misses you.
You closely miss the orc. You punch the orc, but do no damage.
The orc is almost dead.
The goblin hits you but does no damage. The orc hits you with a +0 hand axe.
* * * LOW HITPOINT WARNING * * *
You barely miss the orc.
The orc is almost dead.
The goblin barely misses you. The orc hits you but does no damage.
You hit the orc.
You kill the orc!
Lugonu accepts your kill. The goblin hits you but does no damage.
The jelly hits you but does no damage.
You puncture the goblin!
You kill the goblin!
Lugonu accepts your kill. The jelly hits you but does no damage.
You barely miss the jelly. The jelly closely misses you.
You hit the jelly.
Your hands burn!
* * * LOW HITPOINT WARNING * * *
The jelly is lightly wounded.
The jelly barely misses you.
You hit the jelly. The acid corrodes you!
Your hands burn!
* * * LOW HITPOINT WARNING * * *
The jelly is moderately wounded.
The jelly closely misses you.
You completely miss the jelly.
The jelly is moderately wounded.
The jelly barely misses you.
You hit the jelly but do no damage.
Your hands burn!
* * * LOW HITPOINT WARNING * * *
The jelly is moderately wounded.
The jelly hits you but does no damage.
It was a potion of might.
You feel very mighty all of a sudden. The jelly hits you.
You die...

.##....
#..........⌠
#...........
..........
#........
#......##
##.......#..
#...J)....#
##..@)...#
#####..## ##


You could see a jelly.

Vanquished Creatures
  Ijyb (D:3)
  A gnoll (D:4)
  3 adders
  2 worms (D:3)
  A dart slug (D:3)
  An orc (D:4)
  3 ball pythons
  7 bats
  6 endoplasms
  2 giant cockroaches (D:1)
  10 hobgoblins
  5 kobolds
  4 quokkas
  3 frilled lizards
  5 goblins
  5 rats
59 creatures vanquished.

Notes
Turn   | Place    | Note
-------+----------+-------------------------------------------
     0 | Abyss:1  | hquester the Demonspawn Abyssal Knight began the quest for
                  | the Orb.
     0 | Abyss:1  | Reached XP level 1. HP: 18/18 MP: 2/2
     6 | Abyss:1  | Found a corrupted altar of Lugonu.
    19 | D:1      | Escaped the Abyss
   225 | D:1      | Reached skill level 1 in Dodging
   236 | D:1      | Gained mutation: You are partially covered in icy blue
                  | scales. (AC +2) [demonic ancestry]
   236 | D:1      | Reached XP level 2. HP: 5/24 MP: 4/4
   853 | D:1      | Reached *** piety under Lugonu
   854 | D:1      | Reached XP level 3. HP: 27/29 MP: 5/5
  1224 | D:1      | Found a faded altar of an unknown god.
  1473 | D:2      | Found Dibin's Jewellery Boutique.
  2283 | D:3      | Reached XP level 4. HP: 15/35 MP: 6/6
  2591 | D:3      | Noticed Ijyb
  2612 | D:3      | Paralysed by Ijyb for 2 turns
  2631 | D:3      | Killed Ijyb
  3470 | D:4      | HP: 1/36 [acid (3)]
  3471 | D:4      | Slain by a jelly

Illustrated notes

Levels and vault maps discovered:
D:1:      sevenhm_arrival_forest_fort_small_3, layout_basic,
          dilly_ecumenical_altar_fadedgnrine,
          hangedman_abyss_or_decor_lesser_grid
D:2:      layout_basic, serial_shops, nicolae_shop_advertising_works
          [nicolae_subvault_shop_adworks], serial_corexii_hall,
          chequers_hall_statues_y, corexii_hall_statues_s,
          chequers_hall_statues_wall_a
D:3:      layout_basic, uniq_ijyb
D:4:      layout_cave_pools, gammafunk_ghost_nasty_kobolds, grunt_ministairs_10,
          minmay_shop_damaged, uniq_natasha

Skill      XL: |  1  2  3  4 |
---------------+-------------+-----
Dodging        | 1 2 |  2.0
Short Blades   | 2 |  2.6
Armour         | 2 |  2.6
Invocations    | 3 |  3.6
Fighting       | |  3.6

Action                   |  1- 3 |  4- 6 || total
-------------------------+-------+-------++-------
Melee: Short sword       |   153 |    87 ||   240
       Punch             |       |     3 ||     3
  Use: Scroll            |     9 |     5 ||    14
       Potion            |       |     1 ||     1
 Stab: Sleeping          |     2 |       ||     2
Armor: Leather armour    |    49 |       ||    49
       Ring mail         |     8 |    40 ||    48
Dodge: Dodged            |    94 |    45 ||   139

Table legend: (Time is in decaauts)
 A = Elapsed time spent in this place.
 B = Non-inter-level travel time spent in this place.
 C = Inter-level travel time spent in this place.
 D = Time resting spent in this place.
 E = Time spent auto-exploring this place.
 F = Levels seen in this place.
 G = Mean time per level.
                   A        B        C        D        E       F      G
               +--------+--------+--------+--------+--------+-----+--------+
         Total |   3467 |   3411 |     56 |    340 |   2453 |   5 |  693.4 |
       Dungeon |   3448 |   3392 |     56 |    340 |   2439 |   4 |  862.0 |
         Abyss |     19 |     19 |      0 |      0 |     14 |   1 |   19.0 |
               +--------+--------+--------+--------+--------+-----+--------+

Top non-repeatable levels by time:
     D:1: 1341 daAuts
     D:3: 1103 daAuts
     D:2: 804 daAuts
     D:4: 198 daAuts
 Abyss:1: 19 daAuts
